 Dungeon Crawl Stone Soup version 0.31-a0-841-g038b102fc3 (webtiles) character file.

Game seed: 17160646965598799541

64 javelincjr the Changeling (level 3, -3/35 HPs)
             Began as a Troll Shapeshifter on Sept 27, 2023.
             Killed from afar by Ijyb (9 damage)
             ... with a bolt of dispelling energy
             ... on level 3 of the Dungeon.
             The game lasted 00:02:29 (1416 turns).

javelincjr the Changeling (Troll Shapeshifter)      Turns: 1416, Time: 00:02:29

Health: -3/35      AC:  8    Str: 24    XL:     3   Next: 91%
Magic:  2/2        EV: 10    Int:  6    God:
Gold:   120        SH:  0    Dex:  9    Spells: 2/2 levels left

rFire   . .          .
                       - Unarmed
rCold   . . .        (no shield)
rNeg    . . .        a - +0 animal skin
rPois   .            (helmet currently unavailable)
rElec   .            (cloak currently unavailable)
rCorr   .            (gloves unavailable)
SInv    .            (boots unavailable)
Will    .....        (no amulet)
Stlth   +            e - +4 ring of protection
HPRegen 1.05/turn    (no ring)
MPRegen 0.08/turn

%: no passive effects
@: lethally poisoned (-3 -> -10), beast-form, hasted (expiring), very quick
A: beast (slay +2), large, unfitting armour, claws 3, regeneration 1, shaggy fur
1, tough skin 1
a: Begin Untransformation


You were on level 3 of the Dungeon.
You were a hulking beast.
You visited 1 branch of the dungeon, and saw 3 of its levels.

You collected 120 gold pieces.

Inventory:

Hand Weapons
 n - a +1 dagger of protection
Armour
 a - a +0 animal skin (worn)
Jewellery
 e - a +4 ring of protection (left claw)
Talismans
 c - a beast talisman (active)
 d - a flux talisman
Scrolls
 f - a scroll of brand weapon {unknown}
 k - a scroll of silence {unknown}
Potions
 b - a potion of lignification
 g - a potion of cancellation
 j - a potion of heal wounds {unknown}
 l - a potion of berserk rage {unknown}
 m - a potion of brilliance {unknown}


   Skills:
 * Level 1.7 Fighting
 + Level 2.0 Dodging
 + Level 3.3 Unarmed Combat
 * Level 3.5 Shapeshifting


You had 2 spell levels left.
You didn't know any spells.
Your spell library contained the following spells:

 Spells                   Type           Power      Damage    Failure   Level
 Summon Guardian Golem    Hex/Summ       0%         N/A       83%         3
 Orb of Destruction       Conj           0%         9d5       100%        7
 Spellforged Servitor     Conj/Summ      0%         N/A       100%        7


Dungeon Overview and Level Annotations

Branches:
Dungeon (3/15)

Altars:

Annotations:
D:3 Ijyb


Innate Abilities, Weirdness & Mutations

You are a hulking beast.
Your limbs bulge with bestial killing power. (Slay +2)
You are too large for most types of armour.
You have claws for hands.
Your natural rate of healing is unusually fast.
You are covered in fur. (AC +1)
You have tough skin. (AC +1)


Message History

Ijyb screams, "Die!"
The ball python bites you but does no damage.
There is a stone staircase leading up here.
The ball python bites you but does no damage.
You climb upwards.
There is a stone staircase leading down here.
You scratch the ball python.
You kill the ball python!
You climb downwards.
Level annotation: Ijyb
There is a stone staircase leading up here.
Ijyb hits you but does no damage.
You claw Ijyb!
Ijyb is heavily wounded.
Ijyb hits you but does no damage.
You are poisoned.
You closely miss Ijyb.
Ijyb is heavily wounded.
You feel sick.
Ijyb hits you with a +1 dagger of venom.
You are more poisoned.
You scratch Ijyb.
Ijyb is heavily wounded.
You feel very sick.
Ijyb hits you with a +1 dagger of venom.
You are more poisoned.
You barely miss Ijyb.
Ijyb is heavily wounded.
You feel very sick.
Ijyb zaps a wand.
The bolt of dispelling energy hits you!
* * * LOW HITPOINT WARNING * * *
You are too injured to fight recklessly!
You are too injured to fight recklessly!
You are too injured to fight recklessly!
You feel yourself speed up.
* * * LOW HITPOINT WARNING * * *
You feel very sick.
Ijyb zaps a wand.
The bolt of dispelling energy hits you!
Your magical effects are unravelling.
You die...

...#######
#.........##
##...####<..##
........h....#
.......g.........
.................
##...####...#....
#... ...###...
#.. ##.# #.. #.
.. #. #. .##


You could see Ijyb.

Vanquished Creatures
  2 adders
  A worm (D:2)
  6 endoplasms
  A giant cockroach (D:1)
  4 goblins
  3 hobgoblins
  3 jackals (D:1)
  4 kobolds
  A quokka (D:1)
  4 ball pythons
  4 bats
  2 frilled lizards
  6 rats
41 creatures vanquished.

Notes
Turn   | Place    | Note
-------+----------+-------------------------------------------
     0 | D:1      | javelincjr the Troll Shapeshifter began the quest for the
                  | Orb.
     0 | D:1      | Reached XP level 1. HP: 18/18 MP: 0/0
   108 | D:1      | Reached skill level 1 in Fighting
   134 | D:1      | Reached XP level 2. HP: 27/27 MP: 1/1
   796 | D:2      | Reached XP level 3. HP: 33/33 MP: 2/2
  1378 | D:3      | Noticed Ijyb
  1416 | D:3      | Killed from afar by Ijyb

Illustrated notes

Levels and vault maps discovered:
D:1:      saegor_arrival_simple_a, layout_loops_ring
D:2:      layout_loops_ring
D:3:      minmay_roachtagon, layout_loops_cross, uniq_ijyb, uniq_sigmund,
          uniq_natasha

Skill      XL: |  1  2  3 |
---------------+----------+-----
Fighting       | 1 |  1.7
Dodging        | 2 |  2.0
Unarmed Combat | |  3.3
Shapeshifting  | |  3.5

Action                     || total
---------------------------++-------
  Melee: Unarmed           ||    82
         Punch             ||     1
    Use: Scroll            ||     2
         Potion            ||     1
 Armour: Animal skin       ||    45
  Dodge: Dodged            ||    29

Table legend: (Time is in decaauts)
 A = Elapsed time spent in this place.
 B = Non-inter-level travel time spent in this place.
 C = Inter-level travel time spent in this place.
 D = Time resting spent in this place.
 E = Time spent auto-exploring this place.
 F = Levels seen in this place.
 G = Mean time per level.
                   A        B        C        D        E       F      G
               +--------+--------+--------+--------+--------+-----+--------+
         Total |   1412 |   1367 |     45 |     16 |   1141 |   3 |  470.7 |
       Dungeon |   1412 |   1367 |     45 |     16 |   1141 |   3 |  470.7 |
               +--------+--------+--------+--------+--------+-----+--------+

Top non-repeatable levels by time:
     D:2: 734 daAuts
     D:1: 658 daAuts
     D:3: 19 daAuts
